 Dungeon Crawl Stone Soup version 0.31-a0-187-gba352fbbf7 (webtiles) character file.

Game seed: 18352213140575558172

28 qw the Shooter (level 2, 0/16 HPs)
             Began as a Deep Elf Hunter on June 22, 2023.
             Succumbed to their own poison gas
             ... on level 1 of the Dungeon.
             The game lasted 00:00:21 (779 turns).

qw the Shooter (Deep Elf Hunter)                     Turns: 779, Time: 00:00:21

Health: 0/16       AC:  6    Str:  8    XL:     2   Next: 96%
Magic:  4/4        EV: 12    Int: 13    God:
Gold:   36         SH:  0    Dex: 18    Spells: 1/1 levels left

rFire   . . .        Y - +1 shortbow
rCold   . . .        (shield currently unavailable)
rNeg    . . .        c - +0 leather armour
rPois   .            (no helmet)
rElec   .            (no cloak)
rCorr   +            (no gloves)
SInv    .            a - +2 pair of boots {Stlth+}
Will    .....        (no amulet)
Stlth   +++          d - ring of resist corrosion
HPRegen 0.22/turn    (no ring)
MPRegen 0.09/turn

%: no passive effects
@: lethally poisoned (0 -> -6)
A: no striking features
a: no special abilities


You were on level 1 of the Dungeon.
You visited 1 branch of the dungeon, and saw 1 of its levels.

You collected 36 gold pieces.


   Skills:
 - Level 1.5 Fighting
 + Level 6.6 Ranged Weapons
 - Level 2.4 Dodging
 - Level 1.2 Stealth


You had one spell level left.
You didn't know any spells.
Your spell library was empty.

Inventory:

Hand Weapons
 Y - a +1 shortbow (weapon)
Armour
 a - a +2 pair of boots of stealth (worn)
 c - a +0 leather armour (worn)
Jewellery
 d - a ring of resist corrosion (left hand)
Potions
 e - a potion of cancellation

Dungeon Overview and Level Annotations

Branches:
Dungeon (1/15)

Altars:


Message History

You start putting on your armour.
You continue putting on your +2 pair of boots of stealth. x4
You finish putting on your +2 pair of boots of stealth.
You feel stealthy.
Done exploring.
773 ||| DRINKING 2 murky golden potions.
It was a potion of cancellation.
You feel magically purged.
Done exploring.
774 ||| DROPPING scroll of butterflies.
You drop a scroll of butterflies.
Done exploring.
775 ||| DROPPING scroll of poison.
You drop a scroll of poison.
Done exploring.
(D) Dungeon
Where to? (* - list waypoints, ? - help)
What level of the Dungeon? (default 1, ? - help) Sorry, I don't know how to get there.
Enter note:
Enter note:
Enter note:
Enter note:
Enter note:
Enter note:
Enter note:
Enter note:
Enter note:
Enter note:
Enter note:
Enter note:
Enter note:
Enter note:
Enter note: Really walk into that cloud of poison gas?
You are engulfed in poison gas.
You are poisoned.
You feel very sick.
777 ||| Stepping ~*~*~tactically~*~*~ (cloud).
You feel very sick.
There is a lethal amount of poison in your body!
You feel sick.
There is a lethal amount of poison in your body!
You die...

....#..~~~~~~#####~~~~~~~~..##.^.
....##.~~~~~~~~~~~~~~~~~~........
....##..~~~~~~~~~~~~~~~~..#.#....
.........~~~~~~~~~~~~~~..##.###..
...#####...~~~~~~.~~~...###......
#### ###....~~~.....### #..##..
####.....##### #..##..
####################..##..
#...0ยค0?0@000.0.......##..
####################.#####
#...... #######


There were no monsters in sight!

Vanquished Creatures
  A dart slug (D:1)
  3 ball pythons (D:1)
  4 bats (D:1)
  2 endoplasms (D:1)
  5 goblins (D:1)
  3 hobgoblins (D:1)
  A quokka (D:1)
  A frilled lizard (D:1)
  A kobold (D:1)
  3 rats (D:1)
24 creatures vanquished.

Notes
Turn   | Place    | Note
-------+----------+-------------------------------------------
     0 | D:1      | qw the Deep Elf Hunter began the quest for the Orb.
     0 | D:1      | Reached XP level 1. HP: 12/12 MP: 3/3
     0 | D:1      | 0 ||| qw: Version: 0.3-a-9-g12657ce
     0 | D:1      | 0 ||| qw: Game counter: 2067
     0 | D:1      | 0 ||| qw: Always use a shield: true
     0 | D:1      | 0 ||| qw: God list: Okawaru
     0 | D:1      | 0 ||| qw: Allow faded altars: false
     0 | D:1      | 0 ||| qw: Do Orc after D:15 true
     0 | D:1      | 0 ||| qw: Do second Lair branch before Depths: true
     0 | D:1      | 0 ||| qw: Lair rune preference: random
     0 | D:1      | 0 ||| qw: Plans: Normal
     0 | D:1      | 0 ||| PLANNING D:1-11
   138 | D:1      | Reached skill level 6 in Ranged Weapons
   138 | D:1      | Reached XP level 2. HP: 16/16 MP: 4/4
   763 | D:1      | 763 ||| UPGRADING to ring of resist corrosion.
   764 | D:1      | 764 ||| READING scroll labelled ZECYTO RIELOG.
   765 | D:1      | 765 ||| READING 2 scrolls labelled ITUPNEECRA.
   766 | D:1      | 766 ||| READING scroll labelled RYBBES OKEAWA.
   766 | D:1      | Identified a scroll of acquirement
   766 | D:1      | 766 ||| ACQUIRING +2 pair of boots of stealth
   766 | D:1      | Acquired a +2 pair of boots of stealth
   768 | D:1      | 768 ||| UPGRADING to +2 pair of boots of stealth.
   773 | D:1      | 773 ||| DRINKING 2 murky golden potions.
   774 | D:1      | 774 ||| DROPPING scroll of butterflies.
   775 | D:1      | 775 ||| DROPPING scroll of poison.
   777 | D:1      | 777 ||| Stepping ~*~*~tactically~*~*~ (cloud).
   777 | D:1      | HP: 4/16 [poisoned by you (poison gas)]
   779 | D:1      | Succumbed to their own poison gas

Levels and vault maps discovered:
D:1:      minmay_arrival_shoal_huts, layout_basic

Skill      XL: |  1 |
---------------+----+-----
Ranged Weapons | 6 |  6.6
Fighting       | |  1.5
Dodging        | |  2.4
Stealth        | |  1.2

Action                     || total
---------------------------++-------
   Fire: Shortbow          ||    82
    Use: Scroll            ||     3
         Potion            ||     1
 Armour: Leather armour    ||    10
  Dodge: Dodged            ||    22

Table legend:
 A = Non-vault XP
 B = Vault XP
 C = Vault XP percentage of total XP
 D = Non-vault monster count
 E = Vault monster count
 F = Vault count percentage of total count
                 A         B        C        D         E       F
            +---------+---------+-------+---------+---------+-------
      Total |      40 |       0 |   0.0 |      24 |       0 |   0.0
            +---------+---------+-------+---------+---------+-------
        D:1 |      40 |       0 |   0.0 |      24 |       0 |   0.0
            +---------+---------+-------+---------+---------+-------
